AoeStats
← Yaya Banana

Arabia

508709292Analyzed
4v4 RM · 9d ago on Sep 23, 2026· 36m 25s· 8 players
Game mode
Random Map
Map size
Large (8 player)
Population
200
Speed
Normal
Resources
Standard
Victory
Conquest
Starting age
Dark Age
Ending age
Imperial Age
RankedLock teamsTeams togetherTeam positionsShared explorationLock speedFull tech treeHidden civsTurbo modeCheats
Victory
Defeat
🇷🇺 Franks · Russia
1337
+10
🇧🇷 Magyars · Brazil
1245
+14
🇨🇳 Maya · China
1230
+14
🇨🇳 Ethiopians · China
1070
+20
🇳🇴 Lithuanians · Norway
1313
-20
🇫🇷 Slavs · France
1187
-14
🇹🇷 Koreans · Türkiye
1180
-14
🇵🇱 Mongols · Poland
1081
-10
Nuhro
8:59 Loom
11:30 Feudal Age
14:21 Double-Bit Axe
14:36 Horse Collar
19:49 Castle Age
19:49 Fletching
20:09 Crossbowman
21:36 Bow Saw
24:35 Gold Mining
29:32 Wheelbarrow
30:00 Thumb Ring
30:21 Ballistics
31:50 Stone Mining
34:19 Town Watch
Yaya Banana
6:57 Loom
9:23 Feudal Age
10:30 Double-Bit Axe
11:04 Horse Collar
20:35 Castle Age
19:14 Bloodlines
20:23 Scale Barding Armor
22:11 Wheelbarrow
23:13 Husbandry
24:11 Bow Saw
30:49 Chain Barding Armor
32:51 Forging
36:13 Hand Cart
35:54 Gold Mining
marekh
6:52 Loom
9:47 Feudal Age
11:09 Wheelbarrow
25:45 Castle Age
24:31 Scale Barding Armor
24:17 Double-Bit Axe
24:22 Horse Collar
25:55 Pikeman
28:03 Forging
30:02 Husbandry
30:52 Elite Skirmisher
34:12 Chain Barding Armor
odoaker2
1:00 Loom
9:43 Feudal Age
8:11 Loom
13:33 Double-Bit Axe
17:43 Town Watch
26:24 Fletching
GRERREIRO TOP
9:58 Feudal Age
10:37 Double-Bit Axe
10:45 Horse Collar
12:54 Bloodlines
15:05 Scale Barding Armor
19:49 Gold Mining
23:07 Castle Age
26:00 Town Watch
26:50 Wheelbarrow
26:39 Husbandry
28:20 Chain Barding Armor
30:47 Bow Saw
33:53 Heavy Plow
36:36 Stone Mining
37:21 Gold Shaft Mining
人在阵地在
10:54 Feudal Age
16:55 Fletching
18:00 Padded Archer Armor
24:56 Castle Age
23:36 Double-Bit Axe
24:40 Gold Mining
24:41 Stone Mining
26:23 Wheelbarrow
25:15 Crossbowman
26:02 Thumb Ring
35:26 Bodkin Arrow
念
0:25 Loom
9:06 Feudal Age
9:42 Double-Bit Axe
13:12 Town Watch
20:24 Wheelbarrow
25:50 Castle Age
23:43 Stone Mining
23:46 Gold Mining
23:47 Fletching
25:02 Padded Archer Armor
27:03 Bow Saw
26:49 Bodkin Arrow
27:37 Stone Shaft Mining
26:42 Crossbowman
28:24 Leather Archer Armor
28:27 Thumb Ring
30:03 Ballistics
31:10 Hand Cart
34:33 Imperial Age
32:22 Hand Cart
lidyaqu
6:55 Loom
9:34 Feudal Age
16:01 Forging
17:44 Double-Bit Axe
22:20 Castle Age
22:04 Gold Mining
23:49 Scale Barding Armor
26:01 Bow Saw
26:52 Town Watch
31:04 Chain Barding Armor
31:24 Husbandry
39:12 Imperial Age
Connection lost

Rejoining the realm…

Still unreachable

The connection could not be restored.

Session expired

The server has moved on; the page needs a fresh start.